AoeStats
← arkance

Arabia

510834878Analyzed
1v1 RM · 13h ago on Oct 2, 2026· 47m 26s· 2 players
Game mode
Random Map
Map size
Tiny (2 player)
Population
200
Speed
Normal
Resources
Standard
Victory
Conquest
Starting age
Dark Age
Ending age
Imperial Age
RankedLock teamsTeams togetherTeam positionsShared explorationLock speedFull tech treeHidden civsTurbo modeCheats
Victory
Defeat
🇫🇷 Cumans · France
1193
+16
🇺🇾 Ethiopians · Uruguay
1192
-16
mathi
11:01 Feudal Age
12:10 Loom
13:55 Double-Bit Axe
13:53 Horse Collar
21:33 Castle Age
20:08 Gold Mining
21:19 Fletching
21:41 Crossbowman
23:02 Gold Shaft Mining
24:10 Bow Saw
25:16 Bodkin Arrow
26:51 Thumb Ring
30:30 Ballistics
30:14 Padded Archer Armor
37:25 Stone Mining
48:00 Imperial Age
arkance
4:57 Loom
8:56 Feudal Age
9:31 Double-Bit Axe
19:24 Castle Age
17:36 Gold Mining
18:45 Bloodlines
18:29 Horse Collar
19:09 Scale Barding Armor
21:00 Bow Saw
22:50 Heavy Plow
29:16 Chain Barding Armor
30:41 Town Watch
32:42 Wheelbarrow
38:05 Imperial Age
37:08 Stone Mining
38:43 Gold Shaft Mining
38:23 Fletching
38:34 Padded Archer Armor
39:07 Forging
40:54 Ballistics
41:26 Leather Archer Armor
41:06 Bodkin Arrow
41:42 Light Cavalry
43:10 Murder Holes
42:43 Hussar
44:36 Crop Rotation
44:48 Conscription
45:03 Masonry
45:59 Plate Barding Armor
46:06 Cuman Mercenaries
46:25 Cuman Mercenaries
47:52 Steppe Husbandry
Connection lost

Rejoining the realm…

Still unreachable

The connection could not be restored.

Session expired

The server has moved on; the page needs a fresh start.